Map: Ephemeron LE

Players

MoltenSC

  • Race: Protoss Protoss
  • League: Master
  • Spawn Location: 11:00

TurtleSmoke - Winner!

  • Race: Protoss Protoss
  • League: Master
  • Spawn Location: 5:00

VOD

Have the link to the VOD?

Description

Time

  • Played on: Nov. 5, 2019, 1:22 p.m.
  • Length: 9:26
Show
View Real Time Build Order
Export as new Build Order

MoltenSC Protoss 

Build Orders: Oracle Opening 

Get SALT Encoding   

  12  0:00  Probe  
  13  0:12  Probe  
  14  0:18  Pylon  
  14  0:24  Probe  
  15  0:36  Gateway  
  15  0:38  Probe (Chrono Boost)  
  16  0:44  Assimilator  
  16  0:48  Probe (Chrono Boost)  
  17  0:53  Assimilator  
  17  0:56  Probe  
  18  1:08  Gateway  
  18  1:12  Probe  
  19  1:25  Cybernetics Core  
  20  1:32  Probe  
  20  1:37  Pylon  
  20  1:48  Probe  
  21  2:00  Adept (Chrono Boost)  
  21  2:02  Adept (Chrono Boost)  
  21  2:03  Pylon  
  25  2:09  Warp Gate  
  25  2:12  Probe  
  26  2:24  Stargate  
  26  2:34  Probe  
  27  2:37  Stalker  
  29  2:46  Stalker  
  31  2:54  Pylon  
  31  3:09  Oracle (Chrono Boost)  
  34  3:41  Stalker  
  36  3:42  Stalker, Oracle (Chrono Boost)  
  36  3:48  Probe  
  42  4:11  Probe  
  43  4:23  Probe  
  44  4:28  Robotics Facility  
  44  4:33  Nexus  
  44  4:35  Probe, Shield Battery  
  45  4:54  Pylon  
  45  4:58  Pylon  
  41  5:43  Pylon, Robotics Facility  
  41  5:45  Probe  
  36  5:58  Stalker x2  
  31  6:26  Probe (Chrono Boost)  
  30  6:44  Probe (Chrono Boost)  
  32  6:47  Probe (Chrono Boost)  
  32  6:51  Observer (Chrono Boost)  
  33  6:56  Gateway, Probe (Chrono Boost)  
  33  6:58  Forge, Probe (Chrono Boost)  
  33  7:00  Gateway  
  35  7:07  Probe  
  35  7:08  Probe  
  37  7:10  Observer  
  38  7:24  Probe x2  
  38  7:26  Stalker  
  42  7:32  Stalker  
  42  7:36  Probe (Chrono Boost)  
  45  7:44  Probe (Chrono Boost), Pylon  
  46  7:50  Probe (Chrono Boost)  
  46  7:52  Probe  
  48  8:02  Probe  
  48  8:04  Probe  
  50  8:08  Twilight Council  
  50  8:13  Assimilator  
  50  8:15  Probe  
  50  8:16  Probe  
  52  8:27  Probe  
  53  8:41  Stalker x2  
  53  8:42  Stalker  
  53  8:43  Immortal (Chrono Boost)  
  60  9:08  Sentry  
Show
View Real Time Build Order
Export as new Build Order

TurtleSmoke Protoss - Winner!

Build Orders: Zealot Archon, Dark Templar Rush 

Get SALT Encoding   

  12  0:01  Probe  
  13  0:13  Probe  
  14  0:17  Pylon  
  14  0:25  Probe  
  15  0:35  Gateway  
  15  0:38  Probe (Chrono Boost)  
  16  0:46  Assimilator  
  16  0:47  Probe (Chrono Boost)  
  17  0:52  Probe (Chrono Boost)  
  17  0:56  Assimilator  
  18  1:04  Probe (Chrono Boost)  
  18  1:10  Gateway  
  19  1:16  Probe (Chrono Boost)  
  20  1:23  Probe (Chrono Boost)  
  21  1:27  Cybernetics Core  
  21  1:31  Probe  
  22  1:39  Pylon  
  22  1:43  Probe  
  23  1:52  Pylon  
  23  1:57  Probe  
  24  2:03  Sentry  
  24  2:05  Stalker  
  24  2:08  Warp Gate (Chrono Boost)  
  28  2:20  Twilight Council  
  28  2:27  Shield Battery  
  28  2:35  Robotics Facility  
  28  2:44  Gateway  
  28  2:58  Shield Battery  
  28  3:05  Dark Shrine  
  28  3:20  Warp Prism (Chrono Boost)  
  30  3:41  Pylon  
  30  3:55  Stalker x3  
  36  4:19  Pylon  
  36  4:24  Dark Templar x2  
  36  4:30  Probe  
  40  4:39  Dark Templar  
  42  4:52  Probe  
  43  4:58  Zealot x2  
  47  5:02  Pylon  
  47  5:04  Probe  
  47  5:05  Archon  
  48  5:11  Dark Templar  
  48  5:23  Probe  
  49  5:34  Nexus  
  47  5:38  Dark Templar  
  47  5:40  Probe  
  50  5:52  Probe  
  50  5:56  Dark Templar  
  45  6:11  Immortal (Chrono Boost)  
  45  6:13  Probe  
  50  6:26  Zealot x2  
  50  6:31  Charge (Chrono Boost)  
  52  6:34  Probe  
  53  6:43  Pylon, Observer (Chrono Boost)  
  53  6:46  Probe  
  55  7:00  Stalker x2, Observer, Shield Battery  
  59  7:07  Stalker  
  61  7:17  Gateway x2  
  61  7:20  Gateway  
  61  7:24  Warp Prism (Chrono Boost)  
  63  7:34  Dark Templar  
  63  7:36  Observer  
  65  7:44  Stalker  
  67  8:03  Dark Templar  
  69  8:07  Pylon  
  69  8:08  Pylon  
  69  8:09  Observer  
  69  8:10  Archon  
  69  8:14  Zealot x5  
  79  8:24  Pylon  
  71  8:39  Zealot x4  
Tags
 
Add a new tag
Caveats
  • Supply blocks, unpowered buildings, or Contaminate may cause inaccurate times.
  • Supply counts are checked every 10 seconds.